 Dungeon Crawl Stone Soup version 0.29.1 (webtiles) character file.

Game seed: 17599265297730375636

1251 QueenGhuleh the Cleaver (level 8, -2/105 HPs)
             Began as a Minotaur Berserker on Sept 14, 2022.
             Was a Priest of Trog.
             Slain by a gnoll
             ... wielding a +0 flail
             ... led by a gnoll sergeant
              (9 damage)
             ... on level 6 of the Dungeon.
             The game lasted 00:06:13 (5152 turns).

QueenGhuleh the Cleaver (Minotaur Berserker)        Turns: 5152, Time: 00:06:14

Health: -2/105     AC: 10    Str: 24    XL:     8   Next: 26%
Magic:  0/7        EV:  9    Int: 10    God:    Trog [***...]
Gold:   255        SH:  0    Dex: 16    Spells: 7/7 levels left

rFire   . . .      SeeInvis .   s - +0 war axe
rCold   . . .      Faith    .   (no shield)
rNeg    . . .      Spirit   .   j - +0 chain mail
rPois   .          Reflect  .   (helmet restricted)
rElec   .          Harm     .   (no cloak)
rCorr   .          Rampage  .   (no gloves)
Will    .....                   (no boots)
Stlth   ..........              (no amulet)
HPRegen 0.27/turn               p - +6 ring of intelligence
MPRegen 0.10/turn               u - +6 ring of dexterity

@: berserking (expiring), very quick
A: horns 2, retaliatory headbutt
a: Renounce Religion, Berserk, Trog's Hand


You were on level 6 of the Dungeon.
You worshipped Trog.
Trog was most pleased with you.
You visited 1 branch of the dungeon, and saw 6 of its levels.

You collected 255 gold pieces.

Inventory:

Hand Weapons
 s - a +0 war axe (weapon)
Armour
 j - a +0 chain mail (worn)
Jewellery
 p - a +6 ring of intelligence (left hand)
 u - a +6 ring of dexterity (right hand)
Wands
 o - a wand of flame (16)
 w - a wand of digging (4)
Scrolls
 b - a scroll of silence {unknown}
 c - a scroll of blinking {unknown}
 d - a scroll of torment {unknown}
 e - a scroll of noise {unknown}
 f - 5 scrolls of teleportation {unknown}
 k - 3 scrolls of identify {unknown}
 m - a scroll of vulnerability {unknown}
 v - a scroll of poison {unknown}
 x - a scroll of enchant armour {unknown}
Potions
 a - a potion of magic {unknown}
 g - 2 potions of mutation {unknown}
 h - a potion of lignification {unknown}
 i - 2 potions of heal wounds {unknown}
 l - a potion of might
 n - a potion of attraction {unknown}
 q - a potion of resistance {unknown}
 r - 3 potions of curing {unknown}
 t - a potion of degeneration {unknown}


   Skills:
 + Level 6.0 Fighting
 + Level 9.2 Axes
 + Level 6.5 Armour
 + Level 3.0 Dodging
 + Level 1.1 Stealth


You had 7 spell levels left.
You didn't know any spells.
Your spell library was empty.

Dungeon Overview and Level Annotations

Branches:
Dungeon (6/15)
 Temple: D:4-7

Altars:
Uskayaw
The Shining One

Shops:
D:4 !


Innate Abilities, Weirdness & Mutations

You have a pair of horns on your head.
You reflexively headbutt those who attack you in melee.


Message History

The gnoll sergeant hits you but does no damage.
You barely miss the adder. You headbutt the adder.
You kill the adder!
Trog accepts your kill.
You slash the gnoll!
You kill the gnoll!
Trog accepts your kill.
The gnoll hits you from afar with a +0 halberd!
* * * LOW HITPOINT WARNING * * *
You see here an adder corpse.
You closely miss the gnoll. You headbutt the gnoll!
You feel the power of Trog in you as your rage grows.
You kill the gnoll!
Trog accepts your kill.
The gnoll hits you from afar with a +0 halberd.
* * * LOW HITPOINT WARNING * * *
You slice the gnoll sergeant!!
The gnoll sergeant is severely wounded.
The gnoll sergeant blocks your attack.
The gnoll sergeant is severely wounded.
The gnoll hits you from afar with a +0 halberd.
* * * LOW HITPOINT WARNING * * *
Found an escape hatch in the floor.
The gnoll hits you but does no damage.
The gnoll sergeant hits you with a +1 antimagic trident.
* * * LOW HITPOINT WARNING * * *
The gnoll hits you but does no damage.
Items here: ))) ††.
You feel a strong urge to attack something.
The gnoll closely misses you. The gnoll hits you with a +0 halberd.
* * * LOW HITPOINT WARNING * * *
The gnoll sergeant hits you with a +1 antimagic trident!
* * * LOW HITPOINT WARNING * * *
You feel your power leaking away.
Items here: ))) ††.
You slice the gnoll sergeant!!
You kill the gnoll sergeant!
Trog accepts your kill.
You barely miss the gnoll. You closely miss the gnoll.
The gnoll hits you with a +0 flail!
You die...

####### #.....# #######
#.....# #.....#
#.....######
##.###.######...........
.>.....g@)........>...#
..#.#..g#†#.####+#.##.###
#####.#.# #....:....
#.#.# ###..#.... ..#.#
.....#<.#. ###.#
####..#.## ..# ...#.. ###
##).#### #..#


You could see 2 gnolls.

Vanquished Creatures
  Grinder (D:5)
  A water moccasin (D:5)
  2 ice beasts (D:5)
  A black bear (D:4)
  An ogre (D:5)
  A centaur (D:6)
  A necrophage (D:5)
  A gnoll sergeant (D:6)
  A hound (D:5)
  An orc priest (D:4)
  2 jellies (D:5)
  Crazy Yiuf (D:5)
  2 iguanas (D:5)
  An orc wizard (D:3)
  Robin (D:4)
  2 gnolls (D:6)
  6 adders
  An ufetubus (D:4)
  A worm (D:3)
  4 dart slugs
  17 orcs
  6 endoplasms
  3 giant cockroaches
  7 hobgoblins
  A quokka (D:1)
  7 ball pythons
  6 bats
  4 frilled lizards
  17 goblins
  6 kobolds
  2 rats (D:1)
108 creatures vanquished.

Notes
Turn   | Place    | Note
-------+----------+-------------------------------------------
     0 | D:1      | QueenGhuleh the Minotaur Berserker began the quest for the
                  | Orb.
     0 | D:1      | Reached XP level 1. HP: 19/19 MP: 0/0
   629 | D:1      | Reached skill level 4 in Axes
   638 | D:1      | Reached XP level 2. HP: 25/27 MP: 1/1
   930 | D:1      | Found a faded altar of an unknown god.
  1266 | D:2      | Reached XP level 3. HP: 26/33 MP: 2/2
  1734 | D:2      | Reached ** piety under Trog
  2094 | D:2      | Reached XP level 4. HP: 40/40 MP: 3/3
  2295 | D:3      | Identified the +7 flail of Doom {flame, rElec rF++ Int-4
                  | Stlth+}
  2380 | D:3      | Reached skill level 5 in Axes
  3104 | D:4      | Found Bideziez's Distillery.
  3184 | D:4      | Reached XP level 5. HP: 41/47 MP: 4/4
  3251 | D:4      | Noticed a black bear
  3256 | D:4      | Killed a black bear
  3257 | D:4      | Reached skill level 6 in Axes
  3257 | D:4      | Reached XP level 6. HP: 34/55 MP: 5/5
  3259 | D:4      | Found a glowing golden altar of the Shining One.
  3265 | D:4      | Noticed Robin
  3276 | D:4      | Killed Robin
  3276 | D:4      | Reached *** piety under Trog
  3646 | D:5      | Entered Level 5 of the Dungeon
  3660 | D:5      | Noticed an ice beast
  3668 | D:5      | Killed an ice beast
  3669 | D:5      | Reached skill level 5 in Fighting
  3669 | D:5      | Reached skill level 7 in Axes
  3709 | D:5      | Noticed Grinder
  3724 | D:5      | Paralysed by Grinder for 2 turns
  3726 | D:5      | Killed Grinder
  3727 | D:5      | Reached skill level 8 in Axes
  3727 | D:5      | Reached skill level 5 in Armour
  3727 | D:5      | Reached XP level 7. HP: 22/61 MP: 6/6
  4311 | D:5      | Found a hide-covered altar of Uskayaw.
  4453 | D:5      | Reached skill level 9 in Axes
  4453 | D:5      | Reached skill level 1 in Stealth
  4453 | D:5      | Reached XP level 8. HP: 44/70 MP: 7/7
  5073 | D:5      | Found a runed translucent door.
  5074 | D:5      | Noticed Crazy Yiuf
  5079 | D:5      | Killed Crazy Yiuf
  5152 | D:6      | Slain by a gnoll

Illustrated notes

Levels and vault maps discovered:
D:1:      scummos_arrival_simple_fountains, layout_basic,
          serial_co_window_serial, co_window_of_opportunity_a,
          co_window_paths_a, co_window_paths_a, co_window_paths_a,
          co_window_of_opportunity_a, co_window_paths_a, co_window_corner_a,
          co_window_paths_a, co_window_paths_b, co_window_2corner,
          co_window_broadway_a, co_window_of_opportunity_c, co_window_corner_b,
          co_window_broadway_c, co_window_cross_4, glass_columns_a,
          hellmonk_ecumenical_altar_leap_of_faith
D:2:      layout_basic, minmay_tromino_v2
D:3:      layout_loops_ring
D:4:      layout_basic, mainiacjoe_overflow_tiny_flanked, serial_shops,
          nicolae_shop_hallway_plus, uniq_robin
D:5:      layout_loops_cross, mainiacjoe_overflow_boulevard, uniq_grinder,
          uniq_crazy_yiuf_cottage
D:6:      layout_basic, minmay_temple_entry_antechambers

Skill      XL: |  1  2  3  4  5  6  7  8 |
---------------+-------------------------+-----
Axes           | 4 5 6 8 9 |  9.2
Fighting       | 4 5 6 |  6.0
Armour         | 3 4 5 6 |  6.5
Dodging        | 3 |  3.0
Stealth        | 1 |  1.1

Action                   |  1- 3 |  4- 6 |  7- 9 || total
-------------------------+-------+-------+-------++-------
Melee: Hand axe          |    81 |    60 |       ||   141
       Headbutt          |    11 |    20 |     8 ||    39
       War axe           |       |    70 |    40 ||   110
       Punch             |       |     1 |     3 ||     4
Invok: Berserk           |       |     1 |     3 ||     4
 Stab: Distracted        |       |     1 |       ||     1
Armor: Animal skin       |     2 |       |       ||     2
       Ring mail         |     5 |       |       ||     5
       Chain mail        |    25 |    82 |    14 ||   121
Dodge: Dodged            |    40 |    50 |    31 ||   121
